 Dungeon Crawl Stone Soup version 0.29.1-1-gd02db6906a (console) character file.

Game seed: 13130596353018397298

8 sentinel the Digger (level 2, 19/20 HPs)
             Began as a Meteoran Earth Elementalist on Oct 13, 2022.
             Quit the game on level 1 of the Dungeon.
             The game lasted 00:00:04 (194 turns).

sentinel the Digger (Meteoran Earth Elementalist)    Turns: 194, Time: 00:00:05

Health: 19/20      AC:  2    Str:  9    XL:     2   Next: 29%
Magic:  0/6        EV: 12    Int: 16    God:
Gold:   0          SH:  0    Dex: 14    Spells: 5/6 levels left

rFire   . . .      SeeInvis .   (no weapon)
rCold   . . .      Faith    .   (no shield)
rNeg    . . .      Spirit   .   a - +0 robe
rPois   .          Reflect  .   (no helmet)
rElec   .          Harm     .   (no cloak)
rCorr   .          Rampage  .   (no gloves)
Will    .....                   (no boots)
Stlth   +.........              (no amulet)
HPRegen 0.06/turn               (no ring)
MPRegen 0.10/turn               (no ring)

@: glowing
A: sense surroundings 1, otherworldly, glowing, explore regen
a: no special abilities


You were on level 1 of the Dungeon.
You visited 1 branch of the dungeon, and saw 1 of its levels.

Inventory:

Armour
 a - a +0 robe (worn)
Potions
 b - a potion of magic
 c - a potion of invisibility {unknown}


   Skills:
 - Level 2.4 Dodging
 - Level 1.4 Stealth
 - Level 2.6 Spellcasting
 - Level 1.2 Transmutations
 + Level 4.3 Earth Magic


You had 5 spell levels left.
You knew the following spells:

 Your Spells              Type           Power      Damage    Failure   Level
a - Sandblast             Erth           32%        2d9       3%          1

Your spell library contained the following spells:

 Spells                   Type           Power      Damage    Failure   Level
 Passwall                 Tmut/Erth      9%         N/A       10%         2
 Stone Arrow              Conj/Erth      18%        3d8       24%         3
 Petrify                  Tmut/Erth      11%        N/A       52%         4


Dungeon Overview and Level Annotations

Branches:
Dungeon (1/15) Zot: 401

Altars:


Innate Abilities, Weirdness & Mutations

You passively map a small area around you.
You are easily found by Zot.
You glow in the dark.
You regain HP and MP as you explore.


Message History

You kill the goblin!
You can't see any susceptible monsters within range! (Use Z to cast anyway.) Unknown command.
You can't see any susceptible monsters within range! (Use Z to cast anyway.) Unknown command.
You can't see any susceptible monsters within range! (Use Z to cast anyway.) Unknown command.
You can't see any susceptible monsters within range! (Use Z to cast anyway.) Unknown command.
No target in view!
No target in view!
You can't see any susceptible monsters within range! (Use Z to cast anyway.) Unknown command.
You can't see any susceptible monsters within range! (Use Z to cast anyway.) Unknown command.
You can't see any susceptible monsters within range! (Use Z to cast anyway.) Unknown command.
You can't see any susceptible monsters within range! (Use Z to cast anyway.) Unknown command.
No target in view!
No target in view!
You can't see any susceptible monsters within range! (Use Z to cast anyway.) Unknown command.
You can't see any susceptible monsters within range! (Use Z to cast anyway.) Unknown command.
You can't see any susceptible monsters within range! (Use Z to cast anyway.) Unknown command.
You can't see any susceptible monsters within range! (Use Z to cast anyway.) Unknown command.
Magic restored.
There is a dry fountain here.
Found 5 gold pieces.
Unknown command.
There is a dry fountain here.
A bat comes into view.
Unknown command.
But you're not safe!
Unknown command.
But you're not safe!
Unknown command.
But you're not safe!
Unknown command.
The blast of sand hits the bat.
The bat is severely wounded.
The bat misses you. The bat hits you.
You closely miss the bat.
The bat is severely wounded.
The bat hits you.
The blast of sand hits the bat.
You kill the bat!
Unknown command.
You can't see any susceptible monsters within range! (Use Z to cast anyway.) Unknown command.
You can't see any susceptible monsters within range! (Use Z to cast anyway.) Unknown command.
You can't see any susceptible monsters within range! (Use Z to cast anyway.) Unknown command.
No target in view!
No target in view!
You can't see any susceptible monsters within range! (Use Z to cast anyway.) Unknown command.
You can't see any susceptible monsters within range! (Use Z to cast anyway.) Unknown command.
You can't see any susceptible monsters within range! (Use Z to cast anyway.) Unknown command.
You can't see any susceptible monsters within range! (Use Z to cast anyway.) Unknown command.
No target in view!
No target in view!
You can't see any susceptible monsters within range! (Use Z to cast anyway.) Unknown command.
You can't see any susceptible monsters within range! (Use Z to cast anyway.) Unknown command.
You can't see any susceptible monsters within range! (Use Z to cast anyway.) Unknown command.
You can't see any susceptible monsters within range! (Use Z to cast anyway.) Unknown command.
You see here a bat corpse.
c - a metallic sapphire potion Unknown command.
HP restored.
Found 9 gold pieces.
Found a stone staircase leading down.
Unknown command.
A kobold and a ball python come into view.
Unknown command.
But you're not safe!
Unknown command.
But you're not safe!
Unknown command.
The ball python hisses angrily.
You hear a bark!
A jackal comes into view.
The blast of sand hits the kobold.
The kobold is moderately wounded.
A jackal comes into view.
The blast of sand hits the kobold!
You kill the kobold!
A frilled lizard comes into view.
Unknown command.
The blast of sand hits the ball python!
You kill the ball python!
The jackal misses you.
Unknown command.
The blast of sand hits the jackal!
You kill the jackal!
The jackal bites you.
Your Earth Magic skill increases to level 4!
You have reached level 2!
Unknown command.
The blast of sand hits the jackal!
You kill the jackal!
Unknown command.
Found a stone staircase leading down.
The frilled lizard bites you.
A goblin comes into view. It is wielding a +0 club.
You see here a ball python corpse.
You completely miss the frilled lizard. The frilled lizard bites you.
The blast of sand hits the frilled lizard!
You kill the frilled lizard!
The goblin shouts!
Unknown command.
You can't see any susceptible monsters within range! (Use Z to cast anyway.) Unknown command.
You can't see any susceptible monsters within range! (Use Z to cast anyway.) Unknown command.
Found a golden potion.
The blast of sand hits the goblin!
You kill the goblin!
A kobold comes into view. It is wielding a +0 short sword.
You are out of magic!
Unknown command.
You are out of magic!
Unknown command.
You are out of magic!
Unknown command.
You are out of magic!
Unknown command.
But you're not safe!
Unknown command.
But you're not safe!
Unknown command.
But you're not safe!
Unknown command.
But you're not safe!
Unknown command.
But you're not safe!
Unknown command.
Unknown command.
Unknown command.
Unknown command.
Unknown command.
Are you sure you want to abandon this character and quit the game? (Confirm with "yes".)

...# * , , , ##.# * ,
,...K.....!. , ##.#
........>... , #..# , , ,
........... ..## ,
............ ### * ,
,,).........., ###########
* #.......... ..........#
#>.........
..........######@)†.......,
.................†..$..#
######.................##.
#....................... *
#.....#######...........,
###.....# ###...#..... , ,
........# #####.....
........# , .... ....#####
..., , ,


You could see a kobold (wandering).

Vanquished Creatures
  A bat (D:1)
  2 jackals (D:1)
  A ball python (D:1)
  A frilled lizard (D:1)
  2 goblins (D:1)
  A kobold (D:1)
8 creatures vanquished.

Notes
Turn   | Place    | Note
-------+----------+-------------------------------------------
     0 | D:1      | sentinel the Meteoran Earth Elementalist began the quest
                  | for the Orb.
     0 | D:1      | Reached XP level 1. HP: 14/14 MP: 5/5
   188 | D:1      | Reached skill level 4 in Earth Magic
   188 | D:1      | Reached XP level 2. HP: 19/20 MP: 1/6
   194 | D:1      | Quit the game

Illustrated notes

Levels and vault maps discovered:
D:1:      dpeg_arrival_chambers_temple_mockup, layout_basic

Skill      XL: |  1 |
---------------+----+-----
Earth Magic    | 4 |  4.3
Dodging        | |  2.4
Stealth        | |  1.4
Spellcasting   | |  2.6
Transmutations | |  1.2

Action                   || total
-------------------------++-------
Melee: Unarmed           ||     2
 Cast: Sandblast         ||    10
Dodge: Dodged            ||     2
